Map: Ulrena

Players

blitzkrieg - Winner!

  • Race: Zerg Zerg
  • League: Diamond

Snqtch

  • Race: Terran Terran
  • League: Platinum

VOD

Have the link to the VOD?

Description

Time

  • Played on: June 2, 2016, 8:22 a.m.
  • Length: 3:55
Show
View Real Time Build Order
Export as new Build Order

blitzkrieg Zerg - Winner!

Build Orders: Hatch First 

Get SALT Encoding   

  12  0:01  Drone  
  13  0:12  Overlord  
  13  0:17  Drone  
  14  0:31  Drone x2  
  14  0:35  Drone  
  17  0:56  Hatchery  
  16  0:59  Extractor, Drone  
  16  1:14  Spawning Pool  
  16  1:16  Drone  
  16  1:23  Drone  
  17  1:42  Drone  
  17  1:43  Drone  
  19  1:50  Overlord  
  19  2:02  Overlord  
  19  2:05  Metabolic Boost  
  19  2:06  Zergling x2  
  19  2:08  Zergling x2  
  21  2:15  Zergling x2  
  22  2:21  Zergling x2  
  23  2:22  Baneling Nest  
  23  2:25  Queen  
  23  2:28  Zergling x2  
  25  2:32  Zergling x2  
  26  2:38  Zergling x2  
  26  2:43  Zergling x2  
  28  2:47  Zergling x2  
  28  2:50  Zergling x2  
  30  2:58  Zergling x2  
  31  3:01  Zergling x2  
  32  3:09  Zergling x2  
  33  3:14  Zergling x2  
  33  3:19  Overlord  
  34  3:21  Baneling  
  34  3:22  Baneling x5  
  34  3:23  Zergling x2  
  35  3:30  Zergling x2  
Show
View Real Time Build Order
Export as new Build Order

Snqtch Terran 

Build Orders:  

Get SALT Encoding   

  12  0:00  SCV  
  13  0:13  SCV  
  14  0:24  Supply Depot  
  14  0:27  SCV  
  15  0:46  SCV  
  15  0:48  Barracks  
  16  0:53  Refinery  
  16  0:58  SCV  
  17  1:10  SCV  
  18  1:22  SCV  
  19  1:35  Marine  
  19  1:36  Supply Depot  
  19  1:37  Orbital Command  
  20  1:57  Factory  
  20  2:02  SCV  
  20  2:05  Refinery  
  21  2:14  SCV  
  22  2:17  Supply Depot  
  22  2:26  Barracks Reactor  
  22  2:27  SCV  
  23  2:36  Command Center  
  23  2:39  SCV  
  24  2:49  Barracks  
  24  2:55  SCV  
  25  3:08  Hellion  
  25  3:09  Hellion  
  25  3:10  SCV  
  30  3:16  Barracks Reactor  
  30  3:19  Barracks  
  30  3:22  SCV  
  31  3:30  Hellion  
  31  3:33  Hellion  
  35  3:34  SCV  
Tags
 
Add a new tag
Caveats
  • Supply blocks, unpowered buildings, or Contaminate may cause inaccurate times.
  • Supply counts are checked every 10 seconds.